 Dungeon Sprint DCSS version 0.20.1-1-g8b1a95d (console) character file.

5900000 hilaritas the Axe Maniac (level 27, -30/174 HPs)
             Began as a Vine Stalker Gladiator on Sept 24, 2017.
             Was the Champion of Makhleb.
             Annihilated by a large bag of meat
             ... wielding a +9 giant spiked club
              (109 damage)
             ... in the Dungeon (Sprint VIII: "Arena of Blood").
             The game lasted 00:03:05 (59 turns).

hilaritas the Axe Maniac (Vine Stalker Gladiator)     Turns: 59, Time: 00:03:05

Health: -30/174    AC:  8    Str: 28    XL:     27
Magic:  0/55       EV: 33    Int:  8    God:    Makhleb [******]
Gold:   0          SH:  0    Dex: 18    Spells: 80/80 levels left

rFire    + . .     SeeInvis .   l - +∞ Axe of Woe
rCold    . . .     Gourm    .   (shield currently unavailable)
rNeg     . . .     Faith    .   b - +0 leather armour
rPois    .         Spirit   +   c - +0 helmet
rElec    .         Reflect  .   (no cloak)
rCorr    .         Harm     .   (no gloves)
MR       +++..     NoTele   +   (no boots)
Stlth    +++++++++.             (no amulet)
Regen    1.2/turn               m - ring of protection from fire
MPRegen  0.4/turn               (no ring)

@: no status effects
A: fangs 3, regeneration 2, magic shield, antimagic bite, no potion heal 3, rot
immunity
a: Minor Destruction, Lesser Servant of Makhleb, Major Destruction, Greater
Servant of Makhleb, Renounce Religion


You were in the Dungeon.
You worshipped Makhleb.
Makhleb was exalted by your worship.
You were not hungry.

You visited 1 branch

Inventory:

Hand Weapons
 a - a +0 war axe
 l - the +∞ Axe of Woe (weapon)
   (You found it in the Dungeon)
Missiles
 d - 3 throwing nets (quivered)
Armour
 b - a +0 leather armour (worn)
 c - a +0 helmet (worn)
Jewellery
 m - a ring of protection from fire (left hand)
Scrolls
 k - a scroll of blinking
Potions
 e - a potion of curing
 g - a potion of heal wounds
 h - a potion of haste
 i - 2 potions of magic
 j - a potion of berserk rage
Comestibles
 f - a bread ration


   Skills:
 O Level 27 Fighting
 O Level 27 Axes
 O Level 27 Throwing
 O Level 27 Armour
 O Level 27 Dodging
 O Level 27 Stealth
 O Level 27 Unarmed Combat
 O Level 27 Spellcasting
 O Level 27 Invocations


You had 80 spell levels left.
You didn't know any spells.

Dungeon Overview and Level Annotations

Branches:
Dungeon (1/1)

Altars:
Makhleb


Innate Abilities, Weirdness & Mutations

You have razor-sharp teeth.
You heal very quickly.
When hurt, damage is shared between your health and your magic reserves.
Your bite disrupts and absorbs the magic of your enemies.
Potions cannot restore your health.
You are immune to rotting.


Message History

Makhleb accepts your kill.
You are engulfed in blazing flames.
You resist.
You hear a shout! x2
A corpse begins to drag itself along the ground!
Some corpses meld into an agglomeration of writhing flesh!
You hear a shout!
The crawling corpse is engulfed in blazing flames.
The crawling corpse is destroyed!
You hear a shout! x6 2 orcs, 2 ogres, a small abomination and a crawling corpse come into view.
You are engulfed in blazing flames.
You resist.
You hear a shout!
The bag of meat hits you with a +9 war axe!
The large abomination completely misses you.
You hear a shout! x4
The large bag of meat is engulfed in blazing flames.
The large bag of meat hits you with a +9 giant spiked club!!!
The large bag of meat hits you with a +9 giant spiked club!!!!
Ouch! That really hurt!
You die...

#..o...# o Voo...#
..O......o##..z%.#
##.........OO.o...#
..........###O.O..#
...V.x.........o..#
..x...#.#......o§§#
....x..X......zO@§#
.))))#o#)#Xx)))oXx#
))).))§§X.)).)Xozx#
.)))))#)#)#))#)%§.#
##....§x§.§.#.....#
.x.z.........#....#
............#...%.#
...%..............#
...#...#......##..#
..#%..%#.....## ..#


You could see a destroyer, 3 sculptors of flesh, a large bag of meat (inner
flame), 3 large abominations, 4 meat berserkers, a small abomination, 10 bags of
meat and 2 crawling corpses.

Vanquished Creatures
  A greater mummy (D)
  8 vampire knights (D)
  22 ogres (D)
  3 two-headed ogres (D)
  A lich (D)
  42 orcs (D)
  3 skeletal warriors (D)
  3 small abominations (D)
  6 crawling corpses (D)
89 creatures vanquished.

Vanquished Creatures (others)
  4 crawling corpses (D)
4 creatures vanquished.

Grand Total: 93 creatures vanquished

Notes
Turn   | Place    | Note
-------+----------+-------------------------------------------
     0 | D        | hilaritas the Vine Stalker Gladiator began the quest for the Orb.
     0 | D        | Reached XP level 1. HP: 11/11 MP: 2/2
     3 | D        | Noticed a meat berserker
     4 | D        | Noticed a bag of meat
     4 | D        | Became a worshipper of Makhleb the Destroyer
     5 | D        | Killed a meat berserker
     5 | D        | Reached skill level 27 in Axes
     5 | D        | Reached XP level 2. HP: 20/20 MP: 3/3
     5 | D        | Reached XP level 3. HP: 24/24 MP: 4/4
     5 | D        | Gained mutation: Your natural rate of healing is unusually fast. [Vine Stalker growth]
     5 | D        | Reached XP level 4. HP: 28/28 MP: 5/5
     5 | D        | Reached XP level 5. HP: 32/32 MP: 6/6
     5 | D        | Reached XP level 6. HP: 37/37 MP: 7/7
     5 | D        | Reached XP level 7. HP: 41/41 MP: 8/8
     5 | D        | Gained mutation: You have razor-sharp teeth. [Vine Stalker growth]
     5 | D        | Reached XP level 8. HP: 45/45 MP: 9/9
     5 | D        | Reached XP level 9. HP: 49/49 MP: 10/10
     5 | D        | Reached XP level 10. HP: 53/53 MP: 11/11
     5 | D        | Reached XP level 11. HP: 58/58 MP: 12/12
     5 | D        | Gained mutation: You heal very quickly. [Vine Stalker growth]
     5 | D        | Reached XP level 12. HP: 62/62 MP: 13/13
     5 | D        | Reached XP level 13. HP: 65/65 MP: 14/14
     6 | D        | Noticed a meat berserker
     7 | D        | Noticed a bag of meat
     7 | D        | Noticed a meat berserker
     7 | D        | Noticed a bag of meat
     8 | D        | Noticed a bag of meat
     8 | D        | Killed a bag of meat
     8 | D        | Reached * piety under Makhleb
     8 | D        | Reached skill level 15 in Fighting
     8 | D        | Reached XP level 14. HP: 80/86 MP: 13/15
     9 | D        | Noticed a meat berserker
     9 | D        | Noticed a meat berserker
     9 | D        | Noticed a bag of meat
    10 | D        | Killed a meat berserker
    10 | D        | Reached XP level 15. HP: 98/103 MP: 13/16
    12 | D        | Noticed a meat berserker
    12 | D        | Killed a meat berserker
    12 | D        | Reached ** piety under Makhleb
    12 | D        | Reached skill level 27 in Fighting
    12 | D        | Reached XP level 16. HP: 116/116 MP: 13/23
    12 | D        | Killed a meat berserker
    12 | D        | Reached XP level 17. HP: 121/121 MP: 13/28
    13 | D        | Noticed a destroyer
    13 | D        | Noticed a meat berserker
    14 | D        | Noticed a meat berserker
    14 | D        | Reached skill level 15 in Invocations
    14 | D        | Killed a meat berserker
    14 | D        | Reached *** piety under Makhleb
    14 | D        | Reached skill level 15 in Armour
    14 | D        | Reached XP level 18. HP: 127/127 MP: 8/32
    14 | D        | Killed a meat berserker
    16 | D        | Killed a meat berserker
    16 | D        | Reached XP level 19. HP: 132/132 MP: 9/35
    18 | D        | Noticed a destroyer
    18 | D        | Killed a destroyer
    18 | D        | Reached **** piety under Makhleb
    18 | D        | Reached skill level 27 in Dodging
    18 | D        | Reached XP level 20. HP: 137/137 MP: 6/37
    18 | D        | Reached skill level 27 in Invocations
    19 | D        | Killed a destroyer
    19 | D        | Reached ***** piety under Makhleb
    19 | D        | Reached skill level 27 in Armour
    20 | D        | Noticed a meat berserker
    20 | D        | Noticed a meat berserker
    21 | D        | Noticed a meat berserker
    21 | D        | Noticed a destroyer
    21 | D        | Noticed a meat berserker
    21 | D        | Noticed a meat berserker
    21 | D        | Noticed a meat berserker
    21 | D        | Reached XP level 21. HP: 142/142 MP: 7/39
    22 | D        | Noticed a meat berserker
    22 | D        | Noticed a meat berserker
    22 | D        | Noticed a meat berserker
    22 | D        | Killed a meat berserker
    24 | D        | Noticed a destroyer
    24 | D        | Noticed a meat berserker
    24 | D        | Killed a meat berserker
    24 | D        | Reached skill level 27 in Throwing
    24 | D        | Reached XP level 22. HP: 137/148 MP: 7/40
    25 | D        | Noticed a large bag of meat
    26 | D        | Noticed a large bag of meat
    26 | D        | Noticed a large bag of meat
    26 | D        | Reached ****** piety under Makhleb
    26 | D        | Reached XP level 23. HP: 153/153 MP: 8/48
    27 | D        | Noticed a destroyer
    27 | D        | Killed a destroyer
    27 | D        | Reached skill level 27 in Stealth
    27 | D        | Reached skill level 27 in Unarmed Combat
    27 | D        | Reached skill level 27 in Spellcasting
    27 | D        | Reached XP level 24. HP: 158/158 MP: 8/55
    29 | D        | Reached XP level 25. HP: 163/163 MP: 9/55
    29 | D        | Killed a destroyer
    31 | D        | Noticed a destroyer
    31 | D        | Reached XP level 26. HP: 169/169 MP: 8/55
    33 | D        | Killed a large bag of meat
    35 | D        | Reached XP level 27. HP: 174/174 MP: 6/55
    37 | D        | Noticed a destroyer
    38 | D        | Killed a large bag of meat
    39 | D        | Noticed a destroyer
    40 | D        | Killed a destroyer
    42 | D        | Killed a destroyer
    42 | D        | Killed a destroyer
    43 | D        | Noticed a destroyer
    47 | D        | Noticed a tyrant
    47 | D        | Killed a destroyer
    49 | D        | Noticed a large bag of meat
    49 | D        | Noticed an accursed
    49 | D        | Killed an accursed
    55 | D        | Killed a tyrant
    55 | D        | Killed a large bag of meat
    59 | D        | Annihilated by a large bag of meat

Skill      XL: |  1  2  3  4  5  6  7  8  9 10 11 12 13 14 15 16 17 18 19 20 21 22 23 |
---------------+----------------------------------------------------------------------+-----
Axes           | 27 | 27.0
Fighting       | 6 15 22 27 | 27.0
Armour         | 6 11 15 19 22 27 | 27.0
Dodging        | 9 14 19 23 27 | 27.0
Invocations    | 8 13 18 22 25 27 | 27.0
Throwing       | 17 27 | 27.0
Stealth        | 25 27 | 27.0
Unarmed Combat | 20 27 | 27.0
Spellcasting   | 20 27 | 27.0

Action                   |  1- 3 |  4- 6 |  7- 9 | 10-12 | 13-15 | 16-18 | 19-21 | 22-24 | 25-27 || total
-------------------------+-------+-------+-------+-------+-------+-------+-------+-------+-------++-------
Melee: Executioner's axe |     1 |       |       |       |     4 |     2 |     5 |     3 |    16 ||    31
Dodge: Dodged            |       |       |       |       |       |       |     1 |     2 |     5 ||     8
